 Dungeon Crawl Stone Soup version 0.30-a0-1043-g60ff8d5f49 (webtiles) character file.

Game seed: 12449095233542996944

10 Esekla the Sneak (level 2, -3/21 HPs)
             Began as an Octopode Delver on Apr 9, 2023.
             Slain by a gnoll sergeant
             ... wielding a +0 trident of protection
              (12 damage)
             ... on level 5 of the Dungeon.
             The game lasted 00:00:32 (18 turns).

Esekla the Sneak (Octopode Delver)                    Turns: 18, Time: 00:00:32

Health: -3/21      AC:  1    Str: 11    XL:     2   Next: 20%
Magic:  2/2        EV: 13    Int: 12    God:
Gold:   16         SH:  0    Dex: 13    Spells: 1/1 levels left

rFire   . . .      SeeInvis .    a - +0 falchion
rCold   . . .      Faith    .    (no shield)
rNeg    . . .      Spirit   .    (helmet restricted)
rPois   .          Reflect  .    (no amulet)
rElec   .          Rampage  .    (no ring)
rCorr   .                        (no ring)
Will    .....                    (no ring)
Stlth   ++++                     (no ring)
HPRegen 0.23/turn                (no ring)
MPRegen 0.08/turn                (no ring)
                                 (no ring)
                                 (no ring)

@: no status effects
A: almost no armour, amphibious, 8 rings, camouflage 1, gelatinous body 1,
(nimble swimmer 1), tentacles
a: no special abilities


You were on level 5 of the Dungeon.
You visited 1 branch of the dungeon, and saw 1 of its levels.

You collected 16 gold pieces.

Inventory:

Hand Weapons
 a - a +0 falchion (weapon)
Jewellery
 g - a ring of protection from fire
Wands
 f - a wand of digging (3)
Scrolls
 b - a scroll of fog
 c - a scroll of magic mapping
 d - a scroll of fear
Potions
 e - a potion of haste


   Skills:
 * Level 3.1 Fighting
 * Level 2.1 Long Blades
 * Level 2.1 Dodging
 + Level 6.9 Stealth
 * Level 0.3 Spellcasting


You had one spell level left.
You didn't know any spells.
Your spell library was empty.

Dungeon Overview and Level Annotations

Branches:
Dungeon (5/15)
 Temple: D:4-7

Altars:

Portals:
Ossuary: D:5


Innate Abilities, Weirdness & Mutations

You cannot wear most types of armour.
You are amphibious.
You can wear up to eight rings at the same time.
Your skin changes colour to match your surroundings (Stealth+).
Your rubbery body absorbs attacks. (AC +1, EV +1)
((You are camouflaged when in or above water. (Stealth+)))
You have tentacles for arms and can constrict up to eight enemies at once.


Message History

You hear the hiss of flowing sand.
There is an entrance to an ossuary on this level.
Hurry and find it before the portal is buried!
Welcome, Esekla the Octopode Delver.
A smirking vizier told you that the Orb of Zot is just within this dungeon.
Press ? for a list of commands and other information.
Found two stone staircases leading down.
Found 16 gold pieces.
Found an iron ring.
A gnoll comes into view. It is wielding a +0 club.
The gnoll shouts!
A gnoll comes into view. It is wielding a +0 halberd.
Found a sand-covered staircase.
A gnoll sergeant comes into view.
It is wielding a +0 trident of protection.
The gnoll moves out of view.
Found a stone staircase leading up.
You see here 16 gold pieces.
You now have 16 gold pieces.
The gnoll attacks as you move away! The gnoll closely misses you.
You see here a ring of protection from fire.
g - a ring of protection from fire The gnoll hits you with a +0 club.
The gnoll sergeant shouts!
You hear a shout!
You hit the gnoll but do no damage. You grab the gnoll. You squeeze the gnoll.
The gnoll is moderately wounded.
You constrict the gnoll, but do no damage.
The gnoll hits you with a +0 club.
You hit the gnoll. You squeeze the gnoll.
The gnoll is severely wounded.
You constrict the gnoll. The gnoll hits you with a +0 club!
Ouch! That really hurt!
You hit the gnoll but do no damage. You squeeze the gnoll.
You kill the gnoll!
You have reached level 2!
The gnoll sergeant hits you from afar with a +0 trident of protection!
Ouch! That really hurt!
You die...

#### ...
...#######.# ##
#......@..<# ...
#...#####g.###.#
# #........# .
#.#.....##
#.##.#...#.##
#..g...∩....#
..#
#.#........##
#..# #
##....#..# #....
#.......# .....


You could see a gnoll sergeant.

Vanquished Creatures
  A gnoll (D:5)
1 creature vanquished.

Notes
Turn   | Place    | Note
-------+----------+-------------------------------------------
     0 | D:5      | Esekla the Octopode Delver began the quest for the Orb.
     0 | D:5      | Reached XP level 1. HP: 16/16 MP: 1/1
     3 | D:5      | Found a sand-covered staircase.
     3 | D:5      | Noticed a gnoll sergeant
    18 | D:5      | Reached XP level 2. HP: 9/21 MP: 2/2
    18 | D:5      | Slain by a gnoll sergeant

Illustrated notes

Levels and vault maps discovered:
D:5:      layout_loops_ring, nicolae_ossuary_entry_ruins

Action                     || total
---------------------------++-------
  Melee: Falchion          ||     3
         Tentacles         ||     3
         Constrict         ||     1
  Dodge: Dodged            ||     1

Table legend: (Time is in decaauts)
 A = Elapsed time spent in this place.
 B = Non-inter-level travel time spent in this place.
 C = Inter-level travel time spent in this place.
 D = Time resting spent in this place.
 E = Time spent auto-exploring this place.
 F = Levels seen in this place.
 G = Mean time per level.
                   A        B        C        D        E       F      G
               +--------+--------+--------+--------+--------+-----+--------+
         Total |     18 |     18 |      0 |      0 |      0 |   1 |   18.0 |
       Dungeon |     18 |     18 |      0 |      0 |      0 |   1 |   18.0 |
               +--------+--------+--------+--------+--------+-----+--------+

Top non-repeatable levels by time:
     D:5: 18 daAuts
